 Dungeon Crawl Stone Soup version 0.30-a0-726-gd89dcf765f (webtiles) character file.

Game seed: 1115244410840921523

407 Arximoufas the Conjurer (level 6, -1/32 HPs)
             Began as a Deep Elf Conjurer on Jan 29, 2023.
             Engulfed by a cloud of poison gas (6 damage)
             ... on level 5 of the Dungeon.
             The game lasted 00:05:54 (3966 turns).

Arximoufas the Conjurer (Deep Elf Conjurer)         Turns: 3966, Time: 00:05:54

Health: -1/32      AC:  4    Str:  4    XL:     6   Next: 57%
Magic:  17/17      EV: 12    Int: 25    God:
Gold:   124        SH:  0    Dex: 13    Spells: 16/17 levels left

rFire   . . .      SeeInvis +    p - +2 dagger (speed)
rCold   . . .      Faith    .    (no shield)
rNeg    . . .      Spirit   .    k - +2 robe
rPois   .          Reflect  .    (no helmet)
rElec   .          Harm     .    (no cloak)
rCorr   .          Rampage  .    (no gloves)
Will    +....                    (no boots)
Stlth   +                        n - amulet of regeneration
HPRegen 1.05/turn                j - ring of willpower
MPRegen 0.15/turn                m - ring of see invisible

@: confused, lethally poisoned (-1 -> -23), ambrosia-drunk, weakened, on berserk
cooldown, slowed, very slow
A: no striking features
a: no special abilities


You were on level 5 of the Dungeon.
You visited 1 branch of the dungeon, and saw 5 of its levels.

You collected 124 gold pieces.

Inventory:

Hand Weapons
 p - a +2 dagger of speed (weapon)
Missiles
 v - 7 poisoned darts
Armour
 k - a +2 robe (worn)
Jewellery
 j - a ring of willpower (left hand)
 l - a ring of positive energy
 m - a ring of see invisible (right hand)
 n - an amulet of regeneration (around neck)
Scrolls
 a - a scroll of enchant armour {unknown}
 c - 2 scrolls of poison
 e - a scroll of vulnerability {unknown}
 g - a scroll of magic mapping {unknown}
 t - a scroll of amnesia {unknown}
 u - 2 scrolls of teleportation {unknown}
Potions
 b - a potion of attraction {unknown}
 d - a potion of brilliance {unknown}
 f - a potion of mutation {unknown}
 h - a potion of ambrosia
 i - a potion of lignification {unknown}
 o - 2 potions of berserk rage
 q - a potion of haste {unknown}
 r - 2 potions of resistance {unknown}
 s - a potion of cancellation {unknown}
 w - a potion of might {unknown}


   Skills:
 - Level 2.4 Dodging
 - Level 5.0 Stealth
 + Level 6.1 Spellcasting
 + Level 6.4 Conjurations


You had 16 spell levels left.
You knew the following spells:

 Your Spells              Type           Power      Damage    Failure   Level
a - Magic Dart            Conj           100%       1d8       1%          1

Your spell library contained the following spells:

 Spells                   Type           Power      Damage    Failure   Level
 Searing Ray              Conj           80%        2d7       1%          2
 Dazzling Flash           Conj/Hex       46%        N/A       6%          3
 Fulminant Prism          Conj/Hex       11%        3d8       19%         4
 Iskenderun's Mystic Bla  Conj/Tloc      23%        2d6       19%         4


Dungeon Overview and Level Annotations

Branches:
Dungeon (5/15)
 Temple: D:4-7

Altars:
Uskayaw

Shops:
D:2 !


Message History

It was a potion of berserk rage.
A red film seems to cover your vision as you go berserk!
You feel yourself moving faster!
You feel mighty! The gnoll misses you.
The gnoll bouda utters an invocation to its god.
The gnoll bouda is healed somewhat.
The gnoll attacks as you move away! The gnoll hits you with a +0 whip.
You feel a strong urge to attack something.
You feel your anger nearly subside.
You are no longer berserk.
You are exhausted.
You feel yourself slow down.
The gnoll bouda gazes fiercely through you!
You feel your attacks grow feeble. The gnoll hits you with a +0 whip.
The air fills with toxic fumes!
As you read the scroll labelled IRCHYK WACW, it crumbles to dust.
It was a scroll of poison.
The gnoll is no longer moving quickly.
The gnoll bouda barks out a call to the hunt!
The gnoll picks up the pace!
The gnoll hits you with a +0 whip!
* * * LOW HITPOINT WARNING * * *
The gnoll bouda gazes fiercely through you!
You feel as though you will be weak longer.
It was a potion of ambrosia.
You are confused.
You feel invigorated. The gnoll barely misses you.
The gnoll hits you with a +0 whip.
You're too confused to cast spells.
You bump into the rock wall.
The gnoll bouda gazes fiercely through you!
You feel as though you will be weak longer.
The gnoll hits you with a +0 whip.
You are engulfed in poison gas.
You are poisoned.
You feel very sick. The gnoll hits you with a +0 whip!
The gnoll hits you with a +0 whip.
* * * LOW HITPOINT WARNING * * *
The gnoll attacks as you move away! The gnoll barely misses you.
You are engulfed in poison gas.
You are lethally poisoned!
You die...

#.......##...#.......#.#
#.......##...#.... ..#.#
#.......##...^).. ...#
#....)..##...#
#.#########
#####'##§....#
#.†.......# #.##§§§..#
#.#.# #
#.##☼§§☼§#########...# #
###.##§§§☼§§.§§g§§☼§.###
###...##§§§§§☼g#@§§#####
....####§§§§§§☼..###
.#### #§§§§§§§### ##
######### # # # # #


You could see a gnoll bouda.

Vanquished Creatures
  A sky beast (D:4)
  A scorpion (D:4)
  A howler monkey (D:5)
  A hound (D:4)
  Jessica (D:2)
  A gnoll (D:5)
  9 adders
  2 worms (D:2)
  2 dart slugs (D:3)
  An orc (D:5)
  5 ball pythons
  2 endoplasms
  3 giant cockroaches
  4 goblins (D:2)
  4 hobgoblins
  9 kobolds
  5 quokkas
  A bat (D:1)
  4 frilled lizards
  6 rats
63 creatures vanquished.

Notes
Turn   | Place    | Note
-------+----------+-------------------------------------------
     0 | D:1      | Arximoufas the Deep Elf Conjurer began the quest for the
                  | Orb.
     0 | D:1      | Reached XP level 1. HP: 10/10 MP: 6/6
   606 | D:2      | Reached XP level 2. HP: 15/15 MP: 6/8
   633 | D:2      | Found Enecempe's Distillery.
   797 | D:2      | Noticed Jessica
   813 | D:2      | Killed Jessica
   814 | D:2      | Reached XP level 3. HP: 19/19 MP: 5/10
   896 | D:2      | Reached skill level 5 in Conjurations
   981 | D:2      | Found a faded altar of an unknown god.
  1199 | D:2      | Reached XP level 4. HP: 24/24 MP: 9/12
  2908 | D:4      | Reached XP level 5. HP: 28/28 MP: 9/13
  3110 | D:4      | Reached skill level 5 in Spellcasting
  3318 | D:4      | Noticed a sky beast
  3334 | D:4      | Killed a sky beast
  3335 | D:4      | Reached skill level 5 in Stealth
  3335 | D:4      | Reached XP level 6. HP: 9/32 MP: 6/16
  3783 | D:5      | Entered Level 5 of the Dungeon
  3790 | D:5      | Found a hide-covered altar of Uskayaw.
  3966 | D:5      | Engulfed by a cloud of poison gas

Illustrated notes

Levels and vault maps discovered:
D:1:      minmay_arrival_statue_studded, layout_basic
D:2:      layout_loops_ring, serial_shops, nicolae_shop_waterfront,
          serial_rivers, chequers_serial_rivers_micro_b,
          chequers_serial_rivers_large_b, chequers_serial_rivers_micro_b,
          chequers_serial_rivers_small_a,
          chequers_ecumenical_altar_simple_redux, kennysheep_nub, uniq_jessica
D:3:      layout_basic, hangedman_decor_opposing, st_stairs_6,
          serial_park_tiny_2
D:4:      layout_basic
D:5:      layout_basic, lemuel_tele_altar, mainiacjoe_overflow_alcove_4

Skill      XL: |  1  2  3  4  5  6 |
---------------+-------------------+-----
Stealth        | 3 4 5 |  5.0
Spellcasting   | 4 5 6 |  6.1
Conjurations   | 5 6 |  6.4
Dodging        | |  2.4

Action                     |  1- 3 |  4- 6 || total
---------------------------+-------+-------++-------
   Cast: Magic Dart        |    67 |    94 ||   161
    Use: Potion            |     1 |     2 ||     3
         Scroll            |       |     1 ||     1
 Armour: Robe              |     1 |     3 ||     4
  Dodge: Dodged            |     1 |    11 ||    12

Table legend: (Time is in decaauts)
 A = Elapsed time spent in this place.
 B = Non-inter-level travel time spent in this place.
 C = Inter-level travel time spent in this place.
 D = Time resting spent in this place.
 E = Time spent auto-exploring this place.
 F = Levels seen in this place.
 G = Mean time per level.
                   A        B        C        D        E       F      G
               +--------+--------+--------+--------+--------+-----+--------+
         Total |   4015 |   3771 |    244 |      0 |   3436 |   5 |  803.0 |
       Dungeon |   4015 |   3771 |    244 |      0 |   3436 |   5 |  803.0 |
               +--------+--------+--------+--------+--------+-----+--------+

Top non-repeatable levels by time:
     D:2: 1321 daAuts
     D:4: 974 daAuts
     D:3: 953 daAuts
     D:1: 581 daAuts
     D:5: 184 daAuts
